 Dungeon Crawl Stone Soup version 0.27-a0-59-gfbafd837a3 (webtiles) character file.

Game seed: 8914034809595520503

20 Borgoz the Skirmisher (level 3, -3/24 (25) HPs)
             Began as a Halfling Abyssal Knight on Jan 8, 2021.
             Was a Follower of Lugonu.
             Slain by Robin
             ... wielding a +4 short sword of protection
              (8 damage)
             ... on level 1 of the Dungeon.
             The game lasted 00:03:00 (1804 turns).

Borgoz the Skirmisher (Halfling Abyssal Knight)     Turns: 1804, Time: 00:03:01

HP:   -3/24 (25)    AC:  5    Str: 13    XL:     3   Next: 0%
MP:   4/4           EV: 13    Int: 10    God:    Lugonu [*.....]
Gold: 244           SH:  0    Dex: 14    Spells: 2/2 levels left

rFire    . . .     SeeInvis .   a - +1 falchion
rCold    . . .     Faith    .   (shield restricted)
rNeg     . . .     Spirit   .   e - +0 ring mail
rPois    .         Reflect  .   (no helmet)
rElec    .         Harm     .   (no cloak)
rCorr    .         Rampage  .   (no gloves)
Will     .....                  (no boots)
Stlth    +.........             (no amulet)
HPRegen  0.08/turn              (no ring)
MPRegen  0.09/turn              (no ring)

@: hasted, lightly drained, very quick
A: small, mutation resistance 1
a: Renounce Religion, Depart the Abyss


You were on level 1 of the Dungeon.
You worshipped Lugonu.
Lugonu was aware of your devotion.
You visited 1 branch of the dungeon, and saw 2 of its levels.
You visited the Abyss 1 time.

You collected 244 gold pieces.

Inventory:

Hand Weapons
 a - a +1 falchion (weapon)
Armour
 e - a +0 ring mail (worn)
Jewellery
 f - an uncursed ring of resist corrosion {unknown}
Scrolls
 b - a scroll of fear {unknown}
 c - a scroll of identify
 g - a scroll of magic mapping {unknown}
Potions
 d - a potion of haste


   Skills:
 + Level 2.9 Fighting
 + Level 2.3 Long Blades
 + Level 2.6 Armour
 + Level 1.7 Dodging
 - Level 2.0 Invocations


You had 2 spell levels left.
You didn't know any spells.
Your spell library was empty.

Dungeon Overview and Level Annotations

Branches:
Dungeon (2/15)

Altars:

Annotations:
D:1 Robin


Innate Abilities, Weirdness & Mutations

You are small and have problems with some larger weapons.
You are somewhat resistant to further mutation.


Message History

The hobgoblin goes into a battle-frenzy!
You hit the hobgoblin.
You kill the hobgoblin!
Lugonu accepts your kill.
Robin hits you with a +4 short sword of protection.
* * * LOW HITPOINT WARNING * * *
You have reached level 3!
Your experience leads to an increase in your attributes!
Increase (S)trength, (I)ntelligence, or (D)exterity?
You feel agile.
It was a potion of haste.
You feel yourself speed up. Robin barely misses you.
You hit Robin but do no damage. You hit Robin.
Robin is lightly wounded.
Robin hits you with a +4 short sword of protection.
* * * LOW HITPOINT WARNING * * *
You hit Robin.
Robin is lightly wounded.
Robin hits you with a +4 short sword of protection!
You die...

#.# #.##.# #.###..#.#
#......#.# #..†...#.#
#.####.#.##################
#.#......#.................
#.#.##.###.################
#.#.##...).....### #####
#.#.######@g.....# #....
#.#......#)###.#.## #....
#.####...#.# #.#).# #....
#.####...#.# #.##.## #....
#.#......#.# #.##..# #....
#.#.#......# #.###.## #....
#.#.#......# #(# #..# ###..
#.#.##.....# #.####.## #..
#.#.##.....# #.......# #..


You could see Robin.

Vanquished Creatures
  8 goblins
  3 hobgoblins (D:1)
  4 kobolds
  2 rats (D:1)
17 creatures vanquished.

Notes
Turn   | Place    | Note
-------+----------+-------------------------------------------
     0 | Abyss:1  | Borgoz the Halfling Abyssal Knight began the quest for the
                  | Orb.
     0 | Abyss:1  | Reached XP level 1. HP: 15/15 MP: 2/2
    78 | Abyss:2  | Found a stormy altar of Qazlal.
   141 | Abyss:2  | Noticed a thrashing horror
   145 | D:1      | Escaped the Abyss
   727 | D:1      | Reached * piety under Lugonu
   868 | D:1      | Reached XP level 2. HP: 10/18 MP: 3/3
  1590 | D:2      | Noticed Robin
  1801 | D:1      | Reached XP level 3. HP: 6/24 MP: 4/4
  1804 | D:1      | Slain by Robin

Illustrated notes

Levels and vault maps discovered:
D:1:      dpeg_arrival_rooms_b, layout_basic
D:2:      layout_basic, uniq_robin, uniq_crazy_yiuf_cottage

Action                   || total
-------------------------++-------
Melee: Falchion          ||    62
Invok: Depart the Abyss  ||     1
  Use: Scroll            ||     2
       Potion            ||     1
Armor: Leather armour    ||     3
       Ring mail         ||    14
Dodge: Dodged            ||    46
       Rpst.: Falchion   ||    13

Table legend: (Time is in decaauts)
 A = Elapsed time spent in this place.
 B = Non-inter-level travel time spent in this place.
 C = Inter-level travel time spent in this place.
 D = Time resting spent in this place.
 E = Time spent auto-exploring this place.
 F = Levels seen in this place.
 G = Mean time per level.
                   A        B        C        D        E       F      G
               +--------+--------+--------+--------+--------+-----+--------+
         Total |   1817 |   1801 |     16 |    653 |    851 |   4 |  454.2 |
       Dungeon |   1673 |   1657 |     16 |    653 |    816 |   2 |  836.5 |
         Abyss |    144 |    144 |      0 |      0 |     35 |   2 |   72.0 |
               +--------+--------+--------+--------+--------+-----+--------+

Top non-repeatable levels by time:
     D:1: 1555 daAuts
     D:2: 117 daAuts
 Abyss:2: 115 daAuts
 Abyss:1: 29 daAuts
